 Dungeon Crawl Stone Soup version 0.20-a0-40-gb6e7b4f (webtiles) character file.

32 KristoblXynda the Poker (level 3, -3/32 HPs)
             Began as a Naga Gladiator on Nov 12, 2016.
             Slain by Sigmund
             ... wielding a +2 scythe of protection
              (5 damage)
             ... on level 2 of the Dungeon.
             The game lasted 00:02:07 (1344 turns).

KristoblXynda the Poker (Naga Gladiator)            Turns: 1344, Time: 00:02:08

Health: -3/32      AC:  4    Str: 17    XL:     3   Next: 27%
Magic:  3/3        EV: 10    Int:  9    God:
Gold:   67         SH:  0    Dex: 11    Spells: 0 memorised, 2 levels left

rFire  . . .     SeeInvis +     a - +0 trident
rCold  . . .     Gourm    .     b - +0 leather armour
rNeg   . . .     Faith    .     (no shield)
rPois  +         Spirit   .     c - +0 helmet
rElec  .         Reflect  .     n - +0 cloak
rCorr  .         Harm     .     (no gloves)
MR     .....                    (no barding)
Stlth  +.........               (no amulet)
                                (no ring)
                                (no ring)

@: short of breath, very slightly contaminated, invisible, very slow
A: see invisible, deformed body, poison resistance, slowness 2, slow metabolism
1, spit poison 1, AC +1
a: Spit Poison


You were on level 2 of the Dungeon.
You were very hungry.

You visited 1 branch of the dungeon, and saw 2 of its levels.

You collected 67 gold pieces.

Inventory:

Hand Weapons
 a - a +0 trident (weapon)
Missiles
 d - 3 throwing nets (quivered)
Armour
 b - a +0 leather armour (worn)
 c - a +0 helmet (worn)
 n - a +0 cloak (worn)
Scrolls
 g - 2 scrolls of identify
 h - a scroll of immolation {unknown}
 i - a scroll of magic mapping
 k - a scroll of enchant weapon {unknown}
 m - 2 scrolls of blinking {unknown}
Comestibles
 f - 2 bread rations
 j - a meat ration


   Skills:
 - Level 2.0 Fighting
 + Level 3.3 Polearms
 + Level 2.4 Throwing
 + Level 2.8 Dodging


You had 2 spell levels left.
You didn't know any spells.

Dungeon Overview and Level Annotations

Branches:
Dungeon (2/15)

Altars:

Annotations:
D:2 Sigmund


Innate Abilities, Weirdness & Mutations

You cannot wear boots.
Your serpentine skin is tough. (AC +1)
You have supernaturally acute eyesight. (SInv)
Armour fits poorly on your strangely shaped body.
Your system is resistant to poisons. (rPois)
You cover ground very slowly.
You have a slow metabolism.
You can spit poison.


Message History

You feel slightly more hungry. Sigmund closely misses you.
You closely miss Sigmund.
Sigmund is moderately wounded.
Sigmund closely misses you.
You barely miss Sigmund.
Sigmund is moderately wounded.
Sigmund hits you with a scythe of protection.
You catch the helpless Sigmund completely off-guard!
You hit Sigmund but do no damage.
Sigmund is moderately wounded.
You hit Sigmund but do no damage.
Sigmund is moderately wounded.
Sigmund hits you with a scythe of protection!
* * * LOW HITPOINT WARNING * * *
As you read the scroll labeled YVIASAI HOSKET, it crumbles to dust.
It is a scroll of identify.
i - a scroll of magic mapping You are feeling very hungry.
Sigmund hits you with a scythe of protection.
You die...

#.#########
###.........##
#..........#..##
#.##..###.###..###.# #
#. #..##.## ##.....#
#.###.##).###.###.####.#
#.........# ##.#.##
##.....#.#####..#
#.....#...@@.(.##
#......######...##
#......# #.....#
#......# #.......#
###....###.........#
#.......+.........'.
##....###.........###
#....# ##.......##
#.#### ##.....##


You could see Sigmund (invisible).

Vanquished Creatures
  An ooze (D:2)
  A dart slug (D:1)
  A leopard gecko (D:1)
  5 bats
  A giant cockroach (D:1)
  2 goblins (D:1)
  4 hobgoblins
  2 kobolds (D:1)
  A ball python (D:1)
  A frilled lizard (D:1)
  6 rats
25 creatures vanquished.

Notes
Turn   | Place    | Note
-------+----------+-------------------------------------------
     0 | D:1      | KristoblXynda the Naga Gladiator began the quest for the Orb.
     0 | D:1      | Reached XP level 1. HP: 19/19 MP: 1/1
    47 | D:1      | Reached XP level 2. HP: 14/26 MP: 2/2
   809 | D:1      | Reached XP level 3. HP: 29/32 MP: 3/3
  1312 | D:2      | Noticed Sigmund
  1344 | D:2      | Slain by Sigmund

Vault maps used:
D:1:      saegor_arrival_simple_b
D:2:      hangedman_decor_slide_cut, uniq_iyjb, uniq_sigmund

Skill      XL: |  1 |
---------------+----+-----
Throwing       | 2 |  2.4
Fighting       | |  2.0
Polearms       | |  3.3
Dodging        | |  2.8

Action                   || total
-------------------------++-------
Melee: Trident           ||   109
 Abil: Spit Poison       ||     4
  Use: Potion            ||     4
       Scroll            ||     1
 Stab: Invisible         ||     1
Armor: Leather armour    ||    27
Dodge: Dodged            ||    61
